 Dungeon Crawl Stone Soup version 0.16.1-16-gc44b35d (webtiles) character file.

433 jacksonaction the Covert (level 6, -3/30 HPs)
             Began as a Spriggan Assassin on Apr 15, 2015.
             Was an Initiate of Gozag.
             Killed by nerve-wracking pain
             ... invoked by an orc priest
              (6 damage)
             ... on level 4 of the Dungeon.
             The game lasted 00:26:17 (5008 turns).

jacksonaction the Covert (Spriggan Assassin)        Turns: 5008, Time: 00:26:17

Health: -3/30      AC:  3    Str:  7    XL:     6   Next: 67%
Magic:  12/12      EV: 22    Int: 12    God:    Gozag
Gold:   363        SH:  0    Dex: 20    Spells: 0 memorised, 5 levels left

rFire  . . .     SeeInvis +     a - +2 dagger (curse)
rCold  . . .     Clarity  .     c - +0 robe
rNeg   . . .     SustAb   .     (shield restricted)
rPois  .         Gourm    .     (helmet restricted)
rElec  .         Spirit   .     d - +0 cloak
rCorr  .         Warding  .     (gloves unavailable)
rMut   .         Stasis   .     (boots unavailable)
MR     +....                    (no amulet)
Stlth  +++++.....               (no ring)
                                (no ring)

@: very quick, somewhat resistant to hostile enchantments, quite stealthy
A: unfitting armour, see invisible, herbivore 3, speed 3, slow metabolism 2
a: Potion Petition, Call Merchant, Bribe Branch, Renounce Religion


You were on level 4 of the Dungeon.
You worshipped Gozag.
Gozag was noncommittal.
You were full.

You visited 1 branch of the dungeon, and saw 4 of its levels.

You collected 459 gold pieces.
You paid 96 gold pieces to Gozag.

Inventory:

Hand weapons
 a - a cursed +2 dagger (weapon)
 b - a +0 blowgun
Missiles
 e - 3 poisoned needles
 f - 2 curare-tipped needles
Armour
 c - a +0 robe (worn)
 d - a +0 cloak (worn)
 w - a +0 buckler
Jewellery
 A - an uncursed ring of magical power {unknown}
Magical devices
 y - a wand of confusion (18)
Scrolls
 h - 2 scrolls of identify
 i - a scroll of fog
 k - 3 scrolls of fear
 m - a scroll of teleportation
 n - a scroll of blinking
 o - a scroll of enchant weapon {unknown}
 q - a scroll of enchant armour {unknown}
 u - a scroll of recharging {unknown}
 z - a scroll of magic mapping
Potions
 j - a potion of curing {unknown}
 l - a potion of haste {unknown}
 p - 2 potions of cancellation {unknown}
 r - 2 potions of heal wounds {unknown}
 s - a potion of restore abilities {unknown}
 v - a potion of mutation {unknown}
 x - a potion of brilliance {unknown}
Books
 B - a book of Necromancy

   Spells                             Type                      Level
   a - Pain                           Necromancy                   1
   b - Animate Skeleton               Necromancy                   1
   c - Vampiric Draining              Necromancy                   3
   d - Regeneration                   Charms/Necromancy            3
   e - Animate Dead                   Necromancy                   4
   f - Control Undead                 Necromancy                   4
Miscellaneous
 t - a plain deck of defence
Comestibles
 g - a bread ration


   Skills:
 - Level 1.5 Fighting
 + Level 3.5 Short Blades
 - Level 2.1 Throwing
 + Level 5.7 Dodging
 + Level 9.9 Stealth


You had 5 spell levels left.
You didn't know any spells.

Dungeon Overview and Level Annotations

Branches:
Dungeon (4/15)
 Temple: D:4-7

Altars:
Fedhas
Gozag
Makhleb
Nemelex Xobeh
Qazlal
Sif Muna
Xom

Annotations:
D:4 Grinder


Innate Abilities, Weirdness & Mutations

You are tiny and cannot use many weapons and most armour.
You have supernaturally acute eyesight.
You are a herbivore.
You cover ground extremely quickly.
You need consume almost no food.


Message History

The orc priest completely misses you.
The orc moves out of view.
You hit the orc priest.
The orc priest is heavily wounded.
The orc priest calls down the wrath of Beogh upon you.
Pain shoots through your body!
You hit the orc priest but do no damage.
The orc priest is heavily wounded.
The orc priest hits you with a war axe.
You completely miss the orc priest.
The orc priest is heavily wounded.
You hit the orc priest.
The orc priest is heavily wounded.
The orc priest calls down the wrath of Beogh upon you.
Something smites you!
Ouch! That really hurt!
* * * LOW HITPOINT WARNING * * *
The orc priest calls down the wrath of Beogh upon you.
Pain shoots through your body!
You die...
Your body crumbles into a pile of gold.

.. ........ ... #.
.....# #.# #. ....#
#.# ##.## ...# #.#
#...#######.# #)#
#.#.......$.# #.#
#...#####o..# #.#
##.####.....### #.#
#.#..@.......#####.###
#.#.##...............#
#.#.####..............
#.#.# #.###.#####.#.#
#.#.# #.# #.# #.#.#
#.#.# #.# #.# #....
#.#.# #.# #.# #....
#...# #.# #.# ##...
#...# #.###.# ####.#


You could see an orc priest.

Vanquished Creatures
  Menkaure (D:4)
  An orc priest (D:3)
  An orc wizard (D:3)
  A worker ant (D:4)
  7 gnolls
  6 adders (D:3)
  A giant mite (D:2)
  3 worms
  2 giant geckos
  An ooze (D:2)
  13 orcs (D:3)
  A bat skeleton (D:4)
  3 giant cockroaches
  4 hobgoblins
  9 kobolds
  2 quokkas
  8 bats
  9 giant newts
  7 goblins
  8 rats
88 creatures vanquished.

Notes
Turn   | Place    | Note
--------------------------------------------------------------
     0 | D:1      | jacksonaction, the Spriggan Assassin, began the quest for the Orb.
     0 | D:1      | Reached XP level 1. HP: 10/10 MP: 2/2
   137 | D:1      | Reached skill level 6 in Stealth
   665 | D:1      | Reached XP level 2. HP: 14/14 MP: 4/4
  1320 | D:2      | Reached skill level 7 in Stealth
  1525 | D:2      | Reached XP level 3. HP: 18/18 MP: 6/6
  1681 | D:2      | Found a sparkling altar of Nemelex Xobeh.
  1802 | D:2      | Found a deep blue altar of Sif Muna.
  2004 | D:3      | Found a shimmering altar of Xom.
  2063 | D:3      | Found an opulent altar of Gozag.
  2105 | D:3      | Became a worshipper of Gozag Ym Sagoz the Greedy
  2109 | D:3      | Reached skill level 8 in Stealth
  2109 | D:3      | Reached XP level 4. HP: 22/22 MP: 8/8
  2941 | D:3      | Reached XP level 5. HP: 22/25 MP: 10/10
  3227 | D:3      | Reached skill level 9 in Stealth
  4050 | D:3      | Found a stormy altar of Qazlal.
  4051 | D:3      | Found a burning altar of Makhleb.
  4054 | D:3      | Found a blossoming altar of Fedhas.
  4379 | D:4      | Noticed Grinder
  4468 | D:4      | Reached XP level 6. HP: 30/30 MP: 12/12
  4633 | D:4      | Noticed Menkaure
  4636 | D:4      | Killed Menkaure
  4636 | D:4      | Reached skill level 5 in Dodging
  5008 | D:4      | Killed from afar by an orc priest

Action                   |  1- 3 |  4- 6 || total
-------------------------+-------+-------++-------
Melee: Dagger            |    82 |   170 ||   252
 Fire: Blowgun           |    24 |    40 ||    64
  Use: Scroll            |       |     5 ||     5
 Stab: Sleeping          |    10 |     4 ||    14
       Distracted        |     1 |     2 ||     3
  Eat: Bread ration      |       |     1 ||     1
